 Dungeon Crawl Stone Soup version 0.26-a0-812-g31a745ddcd (webtiles) character file.

Game seed: 8479572493955820879

73 Dracia the Conjurer (level 4, -2/33 HPs)
             Began as a Draconian Conjurer on Dec 8, 2020.
             Slain by a goblin
             ... wielding a +0 club
             ... led by Robin
              (4 damage)
             ... on level 3 of the Dungeon.
             The game lasted 00:04:15 (2327 turns).

Dracia the Conjurer (Draconian Conjurer)            Turns: 2327, Time: 00:04:15

Health: -2/33      AC:  6    Str:  9      XL:     4   Next: 8%
Magic:  4/8        EV: 12    Int: 16 (19) God:
Gold:   127        SH:  0    Dex:  9 (10) Spells: 2/8 levels left

rFire    + . .     SeeInvis .   b - +0 short sword
rCold    + . .     Faith    .   (no shield)
rNeg     . . .     Spirit   .   (armour unavailable)
rPois    +         Reflect  .   (helmet restricted)
rElec    +         Harm     .   i - +0 cloak
rCorr    +         Rampage  .   (no gloves)
MR       .....                  (no boots)
Stlth    +++.......             (no amulet)
HPRegen  0.11/turn              Q - ring of stealth
MPRegen  0.11/turn              (no ring)

@: resistant
A: unfitting armour, cold-blooded, AC +5
a: no special abilities


You were on level 3 of the Dungeon.
You visited 1 branch of the dungeon, and saw 3 of its levels.

You collected 127 gold pieces.


Innate Abilities, Weirdness & Mutations

Your plain brown scales are hard. (AC +5)
You cannot fit into any form of body armour.
You are cold-blooded and may be slowed by cold attacks.


   Skills:
 - Level 1.7 Dodging
 - Level 1.7 Stealth
 + Level 2.8 Spellcasting
 * Level 5.2 Conjurations


You had 2 spell levels left.
You knew the following spells:

 Your Spells              Type           Power        Failure   Level
d - Dazzling Flash        Conj/Hex       ##....       21%         3
s - Searing Ray           Conj           ###...       3%          2
z - Magic Dart            Conj           ###.         2%          1

Your spell library contained the following spells:

 Spells                   Type           Power        Failure   Level
 Fulminant Prism          Conj/Hex       ##........   54%         4
 Iskenderun's Mystic Bla  Conj/Tloc      ##......     54%         4

Inventory:

Hand Weapons
 b - a +0 short sword (weapon)
Armour
 i - a +0 cloak (worn)
Jewellery
 Q - a ring of stealth (left hand)
Scrolls
 c - a scroll of identify {@r1@r1}
 g - a scroll of amnesia
Potions
 a - a potion of curing {@q1@q1}
 j - 3 potions of brilliance

Dungeon Overview and Level Annotations

Branches:
Dungeon (3/15)

Altars:
Fedhas
Okawaru

Annotations:
D:3 Robin

##..................
##................#
#.......).)...#...
#)#####.###..###..
#g# #.# #...... #g#
#.# #...... #g# #.#
#..... ##)## #.#
#..... #g@.# #.#
#..... #....# #.#
#..... #..(.# #.#
####.. ♣....♣ #.#
#..... ♣...♣♣ #.#
##..... ♣♣.♣♣
#.####...### .♣
#.......## ♣
#.......# #....####


You could see Robin, 2 hobgoblins and a goblin (strong).


Message History

The goblin hits you but does no damage.
You completely miss the goblin.
Your tail-slap misses the goblin.
The goblin is moderately wounded.
The goblin hits you but does no damage.
Unknown command.
You closely miss the goblin.
Your tail-slap misses the goblin.
The goblin is moderately wounded.
The goblin barely misses you.
You hit the goblin.
The goblin is heavily wounded.
The goblin closely misses you.
Robin roars a battlecry!
The hobgoblins go into a battle-frenzy!
You hit the goblin.
You kill the goblin!
You feel your strength returning.
The goblin shoots a stone.
The stone hits you but does no damage. Robin misses you.
The goblin unwields a +0 hunting sling.
The goblin wields a +0 dagger.
The goblin hits you but does no damage. Robin throws the goblin at you!
Items here: )) †††.
You barely miss the goblin.
The goblin is almost dead.
The goblin completely misses you. The goblin hits you but does no damage.
You hit the goblin.
You kill the goblin!
The goblin hits you but does no damage. Robin hits you but does no damage.
Unknown command.
The goblin hits you with a +0 club.
You die...

Skill      XL: |  1  2  3 |
---------------+----------+-----
Conjurations   | 5 |  5.2
Dodging        | |  1.7
Stealth        | |  1.7
Spellcasting   | |  2.8

Action                   |  1- 3 |  4- 6 || total
-------------------------+-------+-------++-------
Melee: Short sword       |    56 |    19 ||    75
       Tailslap          |     2 |       ||     2
 Cast: Magic Dart        |    55 |       ||    55
       Searing Ray       |     1 |       ||     1
  Use: Scroll            |     5 |       ||     5
       Potion            |     3 |     1 ||     4
 Stab: Sleeping          |     1 |       ||     1
Armor: Skin              |    27 |    14 ||    41
Dodge: Dodged            |    37 |    12 ||    49

Levels and vault maps discovered:
D:1:      heliophobic_arrival_dark_side_of_the_moon, layout_basic
D:2:      layout_rooms, lemuel_crystal_altar, lemuel_round_altar
D:3:      layout_rooms, tso_altar, lemuel_doored_altar,
          overflow_temple_1_default, chequers_ecumenical_altar_simple,
          uniq_robin, uniq_crazy_yiuf_cottage

Notes
Turn   | Place    | Note
-------+----------+-------------------------------------------
     0 | D:1      | Dracia the Draconian Conjurer began the quest for the Orb.
     0 | D:1      | Reached XP level 1. HP: 14/14 MP: 3/3
   129 | D:1      | Reached XP level 2. HP: 14/20 MP: 5/5
   133 | D:1      | Learned a level 2 spell: Searing Ray
  1136 | D:1      | Reached XP level 3. HP: 26/26 MP: 2/6
  1141 | D:1      | Learned a level 3 spell: Dazzling Flash
  1695 | D:2      | Found an iron altar of Okawaru.
  1841 | D:2      | Found a blossoming altar of Fedhas.
  2129 | D:3      | Found a faded altar of an unknown god.
  2186 | D:3      | Reached skill level 5 in Conjurations
  2273 | D:3      | Noticed Robin
  2304 | D:3      | Reached XP level 4. HP: 19/33 MP: 1/8
  2307 | D:3      | Identified a potion of resistance
  2317 | D:3      | HP: 2/33 [goblin/+0 dagger[Robin] (2)]
  2327 | D:3      | Slain by a goblin

Vanquished Creatures
  An adder (D:3)
  An ooze (D:1)
  2 dart slugs (D:1)
  2 leopard geckos (D:2)
  5 bats
  2 giant cockroaches
  11 goblins
  5 hobgoblins
  5 jackals (D:1)
  7 kobolds
  A quokka (D:2)
  A frilled lizard (D:1)
  4 rats
47 creatures vanquished.

Table legend: (Time is in decaauts)
 A = Elapsed time spent in this place.
 B = Non-inter-level travel time spent in this place.
 C = Inter-level travel time spent in this place.
 D = Time resting spent in this place.
 E = Time spent auto-exploring this place.
 F = Levels seen in this place.
 G = Mean time per level.
                   A        B        C        D        E       F      G
               +--------+--------+--------+--------+--------+-----+--------+
         Total |   2333 |   2242 |     91 |      0 |   1963 |   3 |  777.7 |
       Dungeon |   2333 |   2242 |     91 |      0 |   1963 |   3 |  777.7 |
               +--------+--------+--------+--------+--------+-----+--------+

Top non-repeatable levels by time:
     D:1: 1582 daAuts
     D:2: 548 daAuts
     D:3: 202 daAuts

Table legend:
 A = Non-vault XP
 B = Vault XP
 C = Vault XP percentage of total XP
 D = Non-vault monster count
 E = Vault monster count
 F = Vault count percentage of total count
                 A         B        C        D         E       F
            +---------+---------+-------+---------+---------+-------
      Total |      90 |      15 |  14.3 |      39 |       8 |  17.0
            +---------+---------+-------+---------+---------+-------
        D:1 |      49 |       0 |   0.0 |      23 |       0 |   0.0
        D:2 |      16 |       0 |   0.0 |       8 |       0 |   0.0
        D:3 |      25 |      15 |  37.5 |       8 |       8 |  50.0
            +---------+---------+-------+---------+---------+-------
